 Dungeon Crawl Stone Soup version 0.26.1-11-gd32895ea62 (webtiles) character file.

Game seed: 4039901512543239010

195 Zeld the Digger (level 5, -5/28 HPs)
             Began as a Gargoyle Earth Elementalist on June 7, 2021.
             Slain by an iguana (10 damage)
             ... on level 4 of the Dungeon.
             The game lasted 00:03:57 (3504 turns).

Zeld the Digger (Gargoyle Earth Elementalist)       Turns: 3504, Time: 00:03:58

Health: -5/28      AC:  7    Str: 11    XL:     5   Next: 74%
Magic:  3/9        EV: 12    Int: 17    God:
Gold:   90         SH:  5    Dex: 10    Spells: 0/10 levels left

rFire    . . .     SeeInvis .   (no weapon)
rCold    . . .     Faith    .   (no shield)
rNeg     + . .     Spirit   .   c - +0 robe
rPois    ∞         Reflect  +   (no helmet)
rElec    +         Harm     .   (no cloak)
rCorr    .         Rampage  .   (no gloves)
Will     .....     Rnd*Tele +   r - +0 pair of boots
Stlth    ++........             a - amulet of reflection
HPRegen  0.09/turn              e - ring of teleportation (curse)
MPRegen  0.11/turn              (no ring)

@: no status effects
A: negative energy resistance 1, electricity resistance, unbreathing,
petrification resistance, miasma immunity, AC +4
a: no special abilities


You were on level 4 of the Dungeon.
You visited 1 branch of the dungeon, and saw 4 of its levels.

You collected 90 gold pieces.

Inventory:

Missiles
 b - 68 stones (quivered)
Armour
 c - a +0 robe (worn)
 r - a +0 pair of boots (worn)
Jewellery
 a - an amulet of reflection (around neck)
 e - a cursed ring of teleportation (left hand)
Scrolls
 f - 3 scrolls of amnesia {unknown}
 g - a scroll of teleportation {unknown}
 h - 2 scrolls of enchant weapon {unknown}
 i - 2 scrolls of identify {unknown}
 l - 3 scrolls of fog {unknown}
 n - a scroll of remove curse {unknown}
 o - a scroll of blinking {unknown}
 s - a scroll of noise {unknown}
 t - a scroll of magic mapping {unknown}
Potions
 d - 2 potions of haste {unknown}
 j - 2 potions of curing {unknown}
 k - 3 potions of heal wounds {unknown}
 m - 2 potions of mutation {unknown}
 p - 2 potions of invisibility {unknown}
 q - a potion of brilliance {unknown}


   Skills:
 + Level 2.6 Dodging
 - Level 2.1 Stealth
 + Level 3.1 Spellcasting
 - Level 0.7 Transmutations
 * Level 5.9 Earth Magic


You couldn't memorise any spells.
You knew the following spells:

 Your Spells              Type           Power        Failure   Level
a - Sandblast             Erth           44%          1%          1
b - Passwall              Tmut/Erth      10%          7%          2
c - Stone Arrow           Conj/Erth      24%          16%         3
d - Petrify               Tmut/Erth      13%          41%         4

Your spell library contained the following spells:

 Spells                   Type           Power        Failure   Level
 Lee's Rapid Deconstruct  Erth           11%          38%         5


Dungeon Overview and Level Annotations

Branches:
Dungeon (4/15)
 Temple: D:4-7

Altars:
Fedhas
Nemelex Xobeh
Ru

Annotations:
D:4 Sigmund


Innate Abilities, Weirdness & Mutations

You are resistant to torment.
Your stone body is resilient. (AC +4)
You are immune to poison.
You resist negative energy. (rN+)
You are resistant to electric shocks. (rElec)
You can survive without breathing.
You are immune to petrification.
You are immune to miasma.


Message History

Casting: Sandblast (safe; 1% risk of failure)
Confirm with . or Enter, or press ? or * to list all spells.
Aiming: Sandblast (safe; 1% risk of failure)
Press: ? - help, Shift-Dir - straight line, f/p - iguana
Aim: an iguana (severely wounded, 17% to evade)
The blast of sand hits the iguana but does no damage.
The iguana is severely wounded.
b - 69 stones The iguana bites you.
* * * LOW HITPOINT WARNING * * *
Casting: Sandblast (safe; 1% risk of failure)
Confirm with . or Enter, or press ? or * to list all spells.
Aiming: Sandblast (safe; 1% risk of failure)
Press: ? - help, Shift-Dir - straight line, f/p - iguana
Aim: an iguana (severely wounded, 17% to evade)
The blast of sand hits the iguana.
The iguana is almost dead.
b - 68 stones The iguana bites you!
You die...

# .. .
.####.#.#####
..... ......##.
#... .#.......
#..#..#..#...
#.....#....# .##
##.# #....#...#
#..#####......#.#
#...<.@lB........
#########...###.#
........
####...... ....##
....# ..(# ####


You could see an iguana and a giant cockroach.

Vanquished Creatures
  A worker ant (D:3)
  5 gnolls
  3 adders
  5 worms
  A dart slug (D:3)
  5 leopard geckos
  7 orcs (D:3)
  4 giant cockroaches
  6 goblins
  4 hobgoblins
  3 jackals (D:3)
  A quokka (D:2)
  2 ball pythons
  9 bats
  2 frilled lizards
  5 kobolds
  8 rats
71 creatures vanquished.

Vanquished Creatures (others)
  2 plants (D:3)
2 creatures vanquished.

Grand Total: 73 creatures vanquished

Notes
Turn   | Place    | Note
-------+----------+-------------------------------------------
     0 | D:1      | Zeld the Gargoyle Earth Elementalist began the quest for
                  | the Orb.
     0 | D:1      | Reached XP level 1. HP: 10/10 MP: 3/3
   311 | D:1      | Reached skill level 4 in Earth Magic
   311 | D:1      | Reached XP level 2. HP: 15/15 MP: 1/5
   314 | D:1      | Learned a level 2 spell: Passwall
   912 | D:1      | Reached XP level 3. HP: 19/19 MP: 4/6
  1247 | D:1      | Learned a level 3 spell: Stone Arrow
  1477 | D:2      | Reached XP level 4. HP: 24/24 MP: 3/7
  1493 | D:2      | Reached skill level 5 in Earth Magic
  1705 | D:2      | Found a sparkling altar of Nemelex Xobeh.
  2224 | D:3      | Found a blossoming altar of Fedhas.
  2228 | D:3      | Reached XP level 5. HP: 28/28 MP: 5/9
  2378 | D:3      | Found a sacrificial altar of Ru.
  3166 | D:4      | Learned a level 4 spell: Petrify
  3167 | D:4      | Noticed Sigmund
  3504 | D:4      | Slain by an iguana

Illustrated notes

Levels and vault maps discovered:
D:1:      eino_arrival_water_star, layout_loops_cross
D:2:      layout_rooms, minivault_14, nemelex_xobeh_ov_fountains_minmay
D:3:      cheibrodos_old_hovel, layout_rooms, nicolae_ru_sacrificial_ziggurat,
          fedhas_altar_3
D:4:      layout_rooms, marbit_many_paths, gammafunk_ghost_split, serial_rivers,
          chequers_serial_rivers_room_a, chequers_serial_rivers_large_a,
          chequers_serial_rivers_room_b, chequers_serial_rivers_micro_e,
          hangedman_abyss_or_decor_passed, uniq_sigmund

Skill      XL: |  1  2  3  4  5 |
---------------+----------------+-----
Earth Magic    | 4 5 |  5.9
Dodging        | 2 |  2.6
Spellcasting   | 3 |  3.1
Stealth        | |  2.1
Transmutations | |  0.7

Action                   |  1- 3 |  4- 6 || total
-------------------------+-------+-------++-------
Melee: Unarmed           |    26 |    10 ||    36
 Cast: Sandblast         |    36 |    71 ||   107
Armor: Robe              |    23 |    13 ||    36
Dodge: Dodged            |    49 |    32 ||    81
Block: Other             |    21 |     4 ||    25
       Reflection        |       |     2 ||     2
